 Dungeon Crawl Stone Soup version 0.31-a0-845-g9abc20d24f (webtiles) character file.

Game seed: 4758265077601799788

648 hikkokomori the Sneak (level 7, 0/38 HPs)
             Began as a Vine Stalker Fighter on Oct 2, 2023.
             Slain by a black bear (7 damage)
             ... on level 5 of the Dungeon.
             The game lasted 00:04:45 (3643 turns).

hikkokomori the Sneak (Vine Stalker Fighter)        Turns: 3643, Time: 00:04:46

Health: 0/38       AC: 11    Str: 19    XL:     7   Next: 53%
Magic:  0/8        EV:  9    Int:  8    God:
Gold:   247        SH:  5    Dex: 15    Spells: 6/6 levels left

rFire   . . .        a - +0 rapier
rCold   . . .        c - +0 buckler
rNeg    . . .        b - +0 scale mail
rPois   .            k - +0 helmet
rElec   .            (no cloak)
rCorr   .            l - +2 pair of gloves
SInv    .            p - +0 pair of boots
Will    .....        (no amulet)
Stlth   ++           (no ring)
HPRegen 1.06/turn    (no ring)
MPRegen 0.11/turn

%: guardian spirit
@: no status effects
A: fangs 2, regeneration 1, magic shield, antimagic bite, no potion heal 2
a: no special abilities


You were on level 5 of the Dungeon.
You visited 1 branch of the dungeon, and saw 5 of its levels.

You collected 247 gold pieces.

Inventory:

Hand Weapons
 a - a +0 rapier (weapon)
 n - a +2 falchion of electrocution
Armour
 b - a +0 scale mail (worn)
 c - a +0 buckler (worn)
 k - a +0 helmet (worn)
 l - a +2 pair of gloves (worn)
 p - a +0 pair of boots (worn)
Scrolls
 h - 3 scrolls of teleportation
 m - a scroll of poison
 o - a scroll of amnesia
 q - a scroll of immolation
Potions
 d - a potion of might
 f - a potion of brilliance
 g - a potion of haste
 i - a potion of mutation
 j - a potion of enlightenment {unknown}


   Skills:
 + Level 4.4 Fighting
 + Level 3.9 Short Blades
 - Level 2.4 Armour
 - Level 5.0 Stealth
 + Level 4.5 Shields


You had 6 spell levels left.
You didn't know any spells.
Your spell library contained the following spells:

 Spells                   Type           Power      Damage    Failure   Level
 Blink                    Tloc           0%         N/A       94%         2
 Ensorcelled Hibernation  Hex/Ice        0%         N/A       94%         2
 Jinxbite                 Hex            0%         N/A       94%         2
 Lesser Beckoning         Tloc           0%         N/A       94%         2
 Momentum Strike          Conj/Tloc      0%         3d8       94%         2
 Inner Flame              Hex/Fire       0%         N/A       99%         3
 Anguish                  Hex/Necr       0%         N/A       100%        4
 Flame Wave               Conj/Fire      0%         2d4       100%        4
 Sticky Flame             Conj/Fire      0%         2d3       100%        4
 Yara's Violent Unravell  Hex/Tmut       0%         3d3       100%        5
 Enfeeble                 Hex            0%         N/A       100%        7


Dungeon Overview and Level Annotations

Branches:
Dungeon (5/15)
 Temple: D:4-7

Altars:

Annotations:
D:2 1 runed translucent door, Crazy Yiuf


Innate Abilities, Weirdness & Mutations

You have extremely sharp teeth.
Your natural rate of healing is unusually fast.
When hurt, damage is shared between your health and your magic reserves.
Your bite disrupts and absorbs the magic of your enemies.
Potions cannot restore your health.


Message History

You hit the black bear. You bite the black bear. You drain its power.
You feel invigorated.
The black bear is severely wounded.
The black bear bites you but does no damage.
The black bear barely misses you.
The black bear claws you but does no damage.
Unknown command.
You hit the black bear.
The black bear is severely wounded.
The black bear goes berserk!
You barely miss the black bear. You bite the black bear. You drain its power.
You feel invigorated.
The black bear is almost dead.
The black bear bites you.
The black bear claws you but does no damage.
The black bear barely misses you.
Unknown command.
You closely miss the black bear. Your bite misses the black bear.
The black bear is almost dead.
The black bear bites you. The black bear misses you.
The black bear barely misses you. The black bear bites you.
The black bear claws you. The black bear misses you.
You hit the black bear.
You bite the black bear, but do no damage.
The black bear is almost dead.
The black bear bites you! The black bear closely misses you.
The black bear claws you but does no damage.
You are too injured to fight recklessly!
You are too injured to fight recklessly!
You hit the black bear but do no damage.
The black bear is almost dead.
The black bear bites you.
The black bear claws you but does no damage. x2
The black bear bites you!
* * * LOW HITPOINT WARNING * * *
The black bear claws you but does no damage. x2
You hit the black bear but do no damage.
The black bear is almost dead.
The black bear bites you!
You die...

...... ...# .....
...## . ...#.....#
... ..#....# ...#
#†....#
>....###.##..#
#..#....##.#
..#........#.##
[......@......#
#....#..h#.#..######
#...##...###.......#
.... #...###.......#
##! #.............#
#.....#..#..<....##
.....#...#.......#
###..............#
................#


You could see a black bear (berserk).

Vanquished Creatures
  Sigmund (D:2)
  A water moccasin (D:4)
  An ogre (D:4)
  A phantom (D:4)
  A scorpion (D:4)
  A hound (D:5)
  Robin (D:2)
  3 adders
  3 worms
  3 dart slugs (D:1)
  2 orcs (D:3)
  3 bats
  4 endoplasms
  6 giant cockroaches
  18 goblins
  6 hobgoblins
  4 jackals (D:2)
  9 quokkas
  7 ball pythons
  2 frilled lizards
  9 kobolds
  5 rats
91 creatures vanquished.

Notes
Turn   | Place    | Note
-------+----------+-------------------------------------------
     0 | D:1      | hikkokomori the Vine Stalker Fighter began the quest for
                  | the Orb.
     0 | D:1      | Reached XP level 1. HP: 11/11 MP: 2/2
   110 | D:1      | Reached XP level 2. HP: 13/16 MP: 3/3
   118 | D:1      | Reached skill level 1 in Stealth
   536 | D:1      | Reached XP level 3. HP: 20/20 MP: 4/4
  1379 | D:2      | Noticed Robin
  1420 | D:2      | Reached skill level 2 in Stealth
  1435 | D:2      | Killed Robin
  1436 | D:2      | Reached XP level 4. HP: 24/24 MP: 5/5
  1515 | D:2      | Noticed Sigmund
  1534 | D:2      | Killed Sigmund
  1535 | D:2      | Reached skill level 3 in Stealth
  1535 | D:2      | Reached XP level 5. HP: 28/29 MP: 6/6
  1535 | D:2      | Reached XP level 6. HP: 32/33 MP: 7/7
  1687 | D:2      | Found a runed translucent door.
  1688 | D:2      | Noticed Crazy Yiuf
  2857 | D:4      | Reached skill level 4 in Stealth
  3034 | D:4      | Reached XP level 7. HP: 23/37 MP: 4/8
  3178 | D:4      | Identified the +6 long sword of Gallantry {speed, Fragile
                  | Will+ Str+3}
  3557 | D:5      | Entered Level 5 of the Dungeon
  3601 | D:4      | Reached skill level 5 in Stealth
  3643 | D:5      | Slain by a black bear

Illustrated notes

Levels and vault maps discovered:
D:1:      dpeg_arrival_short_road, layout_loops_corners, minivault_11
D:2:      layout_basic, uniq_crazy_yiuf_cottage, uniq_robin, uniq_sigmund
D:3:      minmay_razor_zed, layout_basic
D:4:      layout_loops_ring, grunt_decor_clamped
D:5:      layout_cave_pools, kennysheep_ying_yang,
          mainiacjoe_overflow_boulevard, kennysheep_vampire_church,
          nicolae_figureground_sparkle, uniq_duvessa

Skill      XL: |  1  2  3  4  5  6  7 |
---------------+----------------------+-----
Short Blades   | 2 3 |  3.9
Stealth        | 1 2 3 4 5 |  5.0
Fighting       | 3 4 |  4.4
Shields        | 3 4 |  4.5
Armour         | |  2.4

Action                     |  1- 3 |  4- 6 |  7- 9 || total
---------------------------+-------+-------+-------++-------
  Melee: Rapier            |   100 |   153 |    61 ||   314
         Bite              |    22 |    39 |    17 ||    78
    Use: Scroll            |     3 |     5 |     2 ||    10
         Potion            |       |       |     1 ||     1
 Armour: Scale mail        |    67 |    97 |    74 ||   238
  Dodge: Dodged            |    37 |    45 |    27 ||   109
  Block: Buckler           |    22 |    42 |    18 ||    82

Table legend: (Time is in decaauts)
 A = Elapsed time spent in this place.
 B = Non-inter-level travel time spent in this place.
 C = Inter-level travel time spent in this place.
 D = Time resting spent in this place.
 E = Time spent auto-exploring this place.
 F = Levels seen in this place.
 G = Mean time per level.
                   A        B        C        D        E       F      G
               +--------+--------+--------+--------+--------+-----+--------+
         Total |   3671 |   3587 |     84 |    128 |   2790 |   5 |  734.2 |
       Dungeon |   3671 |   3587 |     84 |    128 |   2790 |   5 |  734.2 |
               +--------+--------+--------+--------+--------+-----+--------+

Top non-repeatable levels by time:
     D:2: 1249 daAuts
     D:1: 888 daAuts
     D:4: 780 daAuts
     D:3: 712 daAuts
     D:5: 41 daAuts
